 Dungeon Crawl Stone Soup version 0.31-a0-1591-g515db51633 (webtiles) character file.

Game seed: 901427450674537667

2407737 Ofeo the Slayer (level 27, 264/264 HPs)
             Began as a Purple Draconian Brigand on Jan 6, 2024.
             Was a Follower of Uskayaw.
             Escaped with the Orb
             ... and 4 runes
             ... and 1 gem on Jan 7, 2024!
             The game lasted 03:04:23 (72474 turns).

Ofeo the Slayer (Purple Draconian Brigand)         Turns: 72474, Time: 03:04:23

Health: 264/264    AC: 20    Str: 23    XL:     27
Magic:  36/36      EV: 43    Int: 14    God:    Uskayaw [*.....]
Gold:   8834       SH: 23    Dex: 36    Spells: 23/26 levels left

rFire   + . .        v - +9 quick blade (elec)
rCold   + . .        W - +5 kite shield {reflect}
rNeg    + . .        (body armour unavailable)
rPois   +            n - +2 hat of Terror {-Cast +Inv rN+ Dex+3}
rElec   +            Z - scarf {rC+ rF+}
rCorr   +            C - +1 pair of gloves "Obojuder" {rPois rCorr Dex+2 Stlth-}
SInv    .            A - +2 pair of boots {rampage}
Will    +++++        i - amulet "Qass" {RegenMP Regen+ rCorr Dex+3}
Stlth   +++          u - ring "Hiat" {^Drain rC+ Will+ Str+3 Slay+4}
HPRegen 1.44/turn    T - +6 ring of dexterity
MPRegen 0.65/turn

%: no spellcasting, reflection, rampage
@: maw-form, studying 2 skills
A: devouring maw, breathe power, AC +13, unfitting armour, cold-blooded,
deterioration 1, strong 1, cold vulnerability 1, MP-powered wands
0: Orb of Zot
}: 4/15 runes: decaying, slimy, silver, gossamer
a: Breathe Dispelling Energy, Begin Untransformation, Renounce Religion, Evoke
Invisibility, Stomp


You escaped.
You worshipped Uskayaw.
Uskayaw was most pleased with you.
You were a creature with a mouth for a stomach.
You visited 11 branches of the dungeon, and saw 53 of its levels.
You also visited: Trove and Gauntlet.

You collected 11969 gold pieces.
You spent 3135 gold pieces at shops.

Inventory:

Hand Weapons
 v - a +9 quick blade of electrocution (weapon)
 E - the +8 dagger of Laceration {antimagic, rC+ Will+ Int+3 Dex+3}
   (You found it on level 5 of the Lair of Beasts)

   Int+3:     It affects your intelligence (+3).
   Dex+3:     It affects your dexterity (+3).
   rC+:       It protects you from cold.
   Will+:     It increases your willpower.
 M - a +9 spectral dagger
Missiles
 d - 8 curare-tipped darts
 D - 7 throwing nets
 U - 13 javelins (quivered)
 Y - 14 silver javelins
Armour
 n - the +2 hat of Terror (worn) {-Cast +Inv rN+ Dex+3}
   (You found it on level 3 of the Dungeon)

   Dex+3:     It affects your dexterity (+3).
   rN+:       It protects you from negative energy.
   +Inv:      It lets you turn invisible.
   -Cast:     It prevents spellcasting.
 A - a +2 pair of boots of rampaging (worn)
 C - the +1 pair of gloves "Obojuder" (worn) {rPois rCorr Dex+2 Stlth-}
   (You found it in a treasure trove)

   Dex+2:     It affects your dexterity (+2).
   rPois:     It protects you from poison rCorr: It protects you from acid and
   corrosion.
   Stlth-:    It makes you less stealthy.
 W - a +5 kite shield of reflection (worn)
 Z - a scarf of resistance (worn)
Jewellery
 i - the amulet "Qass" (around neck) {RegenMP Regen+ rCorr Dex+3}
   (You found it in a Gauntlet)

   [amulet of magic regeneration]

   RegenMP:   It increases your rate of magic regeneration.
   Dex+3:     It affects your dexterity (+3).
   Regen+:    It increases your rate of health regeneration.
   rCorr:     It protects you from acid and corrosion.
 t - the ring of Deabrec {rElec rPois rN+ Will+ Int-3}
   (You acquired it on level 14 of the Dungeon)

   [ring of positive energy]

   Int-3:     It affects your intelligence (-3).
   rElec:     It insulates you from electricity.
   rPois:     It protects you from poison rN+: It protects you from negative
   energy.
   Will+:     It increases your willpower.
 u - the ring "Hiat" (left hand) {^Drain rC+ Will+ Str+3 Slay+4}
   (You acquired it on level 2 of the Elven Halls)

   [ring of slaying]

   Str+3:     It affects your strength (+3).
   Slay+4:    It affects your accuracy & damage with ranged weapons and melee
   (+4).
   rC+:       It protects you from cold.
   Will+:     It increases your willpower.
   ^Drain:    It drains your maximum health when unequipped.
 T - a +6 ring of dexterity (right hand)
 V - the ring "Riuriusof" {rElec rPois rC- AC+4 Int+4}
   (You took it off a deep elf death mage on level 3 of the Elven Halls)

   [ring of protection]

   AC+4:      It affects your AC (+4).
   Int+4:     It affects your intelligence (+4).
   rC-:       It makes you vulnerable to cold.
   rElec:     It insulates you from electricity.
   rPois:     It protects you from poison
Wands
 f - a wand of mindburst (46)
 o - a wand of digging (4) {@v1}
 G - a wand of light (33)
 H - a wand of roots (19)
 Q - a wand of charming (36)
Scrolls
 c - 6 scrolls of revelation
 l - 3 scrolls of silence
 p - 14 scrolls of vulnerability
 x - 14 scrolls of teleportation {@r3}
 z - 8 scrolls of fog
 B - 9 scrolls of fear
 F - 4 scrolls of enchant armour
 L - 9 scrolls of blinking {@r4}
 O - 5 scrolls of brand weapon
 P - 3 scrolls of butterflies
 S - 9 scrolls of poison
Potions
 a - 10 potions of ambrosia
 e - 10 potions of enlightenment
 g - 4 potions of magic
 h - 9 potions of heal wounds {@q2}
 j - 9 potions of attraction
 m - 2 potions of might {@q4}
 q - 18 potions of curing {@q1}
 r - 12 potions of resistance {@q6}
 s - 7 potions of haste {@q3}
 w - 9 potions of mutation
 I - 3 potions of invisibility
 J - 6 potions of cancellation
 K - 14 potions of brilliance
 R - 6 potions of berserk rage
Miscellaneous
 b - a tin of tremorstones (2/2)
 k - a phantom mirror
 y - a phial of floods
 N - a lightning rod (4/4)
 X - a sack of spiders


   Skills:
 + Level 24.4 Fighting
 - Level 14.0 Short Blades
 - Level 9.2 Throwing
 + Level 23.0 Dodging
 + Level 20.6 Stealth
 - Level 14.3 Shields
 + Level 19.3 Invocations
 - Level 8.0 Evocations
 * Level 17.5 Shapeshifting


You had 23 spell levels left.
You knew the following spells:

 Your Spells              Type           Power      Damage    Failure   Level
a - Confusing Touch       Hex            0%         N/A       78%         3

Your spell library contained the following spells:

 Spells                   Type           Power      Damage    Failure   Level
 Apportation              Tloc           0%         N/A       41%         1
 Freeze                   Ice            0%         1d3       41%         1
 Kiss of Death            Conj/Necr      0%         2d5       41%         1
 Magic Dart               Conj           0%         1d3       41%         1
 Necrotise                Necr           0%         1d4       41%         1
 Slow                     Hex            0%         N/A       41%         1
 Sting                    Conj/Alch      0%         1d3       41%         1
 Cigotuvi's Dreadful Rot  Necr/Alch/Air  0%         N/A       54%         2
 Ensorcelled Hibernation  Hex/Ice        0%         N/A       54%         2
 Jinxbite                 Hex            0%         N/A       54%         2
 Lesser Beckoning         Tloc           0%         N/A       54%         2
 Mercury Vapours          Alch/Air       0%         N/A       54%         2
 Momentum Strike          Conj/Tloc      0%         3d8       54%         2
 Searing Ray              Conj           0%         2d4       54%         2
 Static Discharge         Conj/Air       0%         3-3/arc   54%         2
 Sublimation of Blood     Necr           0%         N/A       54%         2
 Call Canine Familiar     Summ           0%         N/A       78%         3
 Dazzling Flash           Conj/Hex       0%         N/A       78%         3
 Frozen Ramparts          Ice            0%         1d1       78%         3
 Fugue of the Fallen      Necr           0%         N/A       78%         3
 Hailstorm                Conj/Ice       0%         3d5       78%         3
 Inner Flame              Hex/Fire       0%         N/A       78%         3
 Mephitic Cloud           Conj/Alch/Air  0%         N/A       78%         3
 Ozocubu's Armour         Ice            0%         N/A       78%         3
 Sigil of Binding         Hex            0%         N/A       78%         3
 Summon Ice Beast         Ice/Summ       0%         N/A       78%         3
 Tukima's Dance           Hex            0%         N/A       78%         3
 Vampiric Draining        Necr           0%         2d6       78%         3
 Airstrike                Air            0%         2d(0-16)  99%         4
 Anguish                  Hex/Necr       0%         N/A       99%         4
 Animate Dead             Necr           0%         N/A       99%         4
 Cause Fear               Hex            0%         N/A       99%         4
 Dimensional Bullseye     Hex/Tloc       0%         N/A       99%         4
 Dispel Undead            Necr           0%         3d6       99%         4
 Fulminant Prism          Conj/Alch      0%         3d5       99%         4
 Ignite Poison            Fire/Alch      0%         N/A       99%         4
 Iskenderun's Mystic Bla  Conj/Tloc      0%         2d3       99%         4
 Leda's Liquefaction      Alch/Erth      0%         N/A       99%         4
 Manifold Assault         Tloc           0%         N/A       99%         4
 Martyr's Knell           Necr/Summ      0%         N/A       99%         4
 Olgreb's Toxic Radiance  Alch           0%         N/A       99%         4
 Petrify                  Alch/Erth      0%         N/A       99%         4
 Sticky Flame             Fire/Alch      0%         2d4       99%         4
 Summon Blazeheart Golem  Fire/Summ      0%         N/A       99%         4
 Summon Lightning Spire   Summ/Air       0%         N/A       99%         4
 Vhi's Electric Charge    Tloc/Air       0%         N/A       99%         4
 Alistair's Intoxication  Alch           0%         N/A       100%        5
 Arcjolt                  Conj/Air       0%         1d10      100%        5
 Curse of Agony           Necr           0%         N/A       100%        5
 Freezing Cloud           Conj/Ice/Air   0%         6-21      100%        5
 Irradiate                Conj/Alch      0%         3d11      100%        5
 Lee's Rapid Deconstruct  Erth           0%         3d4*      100%        5
 Metabolic Englaciation   Hex/Ice        0%         N/A       100%        5
 Summon Forest            Summ/Tloc      0%         N/A       100%        5
 Summon Mana Viper        Hex/Summ       0%         N/A       100%        5
 Conjure Ball Lightning   Conj/Air       0%         3x3d6     100%        6
 Death Channel            Necr           0%         N/A       100%        6
 Summon Cactus Giant      Summ           0%         N/A       100%        6
 Enfeeble                 Hex            0%         N/A       100%        7
 Monstrous Menagerie      Summ           0%         N/A       100%        7
 Orb of Destruction       Conj           0%         9d5       100%        7
 Spellforged Servitor     Conj/Summ      0%         N/A       100%        7
 Discord                  Hex            0%         N/A       100%        8
 Disjunction              Tloc           0%         N/A       100%        8
 Ignition                 Fire           0%         3d3       100%        8
 Maxwell's Capacitive Co  Air            0%         ∞         100%        8
 Animate Armour           Summ/Erth      Unusable   N/A       N/A         4

Dungeon Overview and Level Annotations

Branches:
Dungeon (15/15)            Temple (1/1) D:5            Lair (5/5) D:8
  Swamp (4/4) Lair:2       Spider (4/4) Lair:3        Slime (5/5) Lair:5
    Orc (2/2) D:12            Elf (3/3) Orc:2        Vaults (5/5) D:13
  Crypt (0/3) Vaults:3     Depths (4/4) D:15            Zot (5/5) Depths:4
Gauntlet (visited)

Altars:
Ashenzari
Cheibriados
Dithmenos
Elyvilon
Fedhas
Gozag
Hepliaklqana
Kikubaaqudgha
Makhleb
Nemelex Xobeh
Okawaru
Qazlal
Ru
Sif Muna
Trog
Uskayaw
Vehumet
Wu Jian
Xom
Yredelemnul
Zin
The Shining One
Jiyva

Shops:
D:7 [   D:8 *[   D:10 (   D:14 *   Orc:2 =(*[   Vaults:1 (   Vaults:2 ?
Vaults:5 (   Zot:4 *

Portals:
Hell: Depths:1 Depths:2 Depths:3 Depths:4
Abyss: Depths:2 Depths:3
Pandemonium: Depths:1 Depths:2
Ziggurat: Depths:1

Annotations:
D:8 2 transporters, Laraso's ghost, novice DrSh
D:12 2 transporters, NightmareEGirl's ghost, journeyman NaBe
Lair:5 exclusion: obsidian statue


Innate Abilities, Weirdness & Mutations

You are a creature with a mouth for a stomach.
Your midsection houses a second, enormous mouth.
You can breathe bolts of dispelling energy.
Your rich purple scales are hard. (AC +13)
You cannot fit into any form of body armour.
You are cold-blooded and may be slowed by cold attacks.
Your body sometimes deteriorates upon taking damage.
Your muscles are strong. (Str +4, Int/Dex -1)
You are vulnerable to cold. (rC-)
You expend magic power (3 MP) to strengthen your wands.


Message History

You can now pass through a line of other dancers.
MP restored: 36 You hit something.
Your tail-slap misses something.
You bite something. You puncture something!
Reactivating autopickup.
You feel a bit more experienced.
You regained 2 hp, and now have 260/264 hp.
What level of the Dungeon? (default 1, ? - help) HP restored.
There is a stone staircase leading up here.
You climb upwards.
There is a stone staircase leading down here.
There is a stone staircase leading up here.
You climb upwards.
There is a stone staircase leading down here.
Items here: )) [ ÷.
There is a stone staircase leading up here.
You climb upwards.
There is a stone staircase leading down here.
There is a stone staircase leading up here.
You climb upwards.
There is a stone staircase leading down here.
Health restored: 264 You see here a +0 spear.
There is an open door here.
There is an open door here.
There is an open door here.
There is an open door here.
A sixfirhy comes into view.
There is an open door here.
You rampage towards the sixfirhy!
You barely miss the sixfirhy.
Your tail-slap misses the sixfirhy.
You bite the sixfirhy!! You puncture the sixfirhy!
You kill the sixfirhy!
No target in view!
What level of the Dungeon? (default 1, ? - help) You're already here!
There is an open door here.
There is a staircase leading out of the dungeon here.
You have escaped!

..#.....#.#####.....## ##.#.#.
..'..)..'....###.##..# #.#.#.
.[#.....####.# #.###.# #.#.#.
.###...### #.###.###.#######.#.#.
##.##.##.###.#.....#.....#.......
#...###...##.#.###.#####.#.#.#.#.
.....'.....'.#.# #...#.#...#.#.##
#...###...##.#.#####.#.#####.....
##.##.##.###.#.#W..#.#...# #...##
.###...#####.#.###.#.###.###...##
..#.....#....###...#...#...#...#
..'..♣..'.######.#####.###.#...#
..#.....### #...# #.....#.#...#
.###...### #.#####.###.#.#...#
##.##.##(## #...#...# #.#.#...##
#...###...######.#.#.###.#.#.....
.....'.....'.# #...#.....#.#....†


There were no monsters in sight!

Vanquished Creatures
  the Royal Jelly (Slime:5)
  4 dread liches
  5 ancient liches
  7 orbs of fire
  A juggernaut (Depths:3)
  Mennas (Depths:3)
  Bai Suzhen (Swamp:4)
  Vv (Depths:3)
  2 Killer Klowns (Zot:5)
  the Lernaean hydra (Swamp:4)
  4 curse toes
  The ghost of Lucarghiu the Knight, a veteran GnWn of Okawaru (Depths:3)
  19 golden dragons
  Norris (Vaults:4)
  Nikola (Swamp:4)
  A pandemonium lord (D:14)
  2 bone dragons
  the Enchantress (Depths:1)
  4 electric golems
  29 tentacled monstrosities
  A walking crystal tome (Depths:2)
  Zenata (Vaults:2)
  7 titans
  26 Orb Guardians
  Jorgrun (Swamp:2)
  Asterion (Vaults:3)
  5 deep elf blademasters
  3 liches
  5 sphinxes
  2 quicksilver dragons
  3 deep elf master archers (Elf:3)
  Gastronok (D:11)
  8 acid blobs
  An ancient champion (Depths:4)
  11 death cobs
  The ghost of grandjackal the Warrior, an adept DsGl of Trog (Spider:4)
  A shadow dragon (shapeshifter) (Zot:1)
  Aizul (Elf:1)
  14 shadow dragons
  2 fenstrider witches
  13 rockslimes
  14 storm dragons
  Donald (Spider:3)
  2 rockslimes (shapeshifter) (Zot:1)
  8 tengu reavers
  5 protean progenitors
  Roxanne (Spider:2)
  6 draconian knights
  14 azure jellies
  14 frost giants
  4 draconian monks
  2 iron dragons (Vaults:5)
  7 ghost moths
  14 fire giants
  5 draconian shifters
  14 vault wardens
  5 emperor scorpions
  7 deep elf sorcerers
  6 deep elf elementalists
  5 draconian scorchers
  2 reapers
  4 cacodemons (Depths:3)
  2 juggernaut zombies (Depths:2)
  3 spriggan defenders (Depths:1)
  A draconian stormcaller (Zot:2)
  2 orc warlords
  A caustic shrike zombie (Depths:2)
  27 ironbound preservers
  6 draconian annihilators
  12 quicksilver oozes
  A formless jellyfish (shapeshifter) (Zot:1)
  12 stone giants
  24 very ugly things
  3 deep elf demonologists
  2 caustic shrike skeletons (Depths:2)
  2 formless jellyfish
  16 green draconians
  The ghost of olddryhag the Cleaver, a journeyman HORe of Uskayaw (Orc:2)
  5 vampire knights
  A lorocyproca (D:5)
  15 black draconians
  10 red draconians
  2 war gargoyles
  9 white draconians
  A minotaur (Gauntlet)
  11 deep elf annihilators
  7 deep elf death magi
  13 ironbound thunderhulks
  8 purple draconians
  10 spark wasps
  13 dire elephants
  7 bunyips
  An eidolon (Depths:4)
  6 yellow draconians
  A green death (Depths:2)
  16 yaktaur captains
  12 ettins
  5 crystal guardians
  15 fire dragons
  2 jiangshi (Depths:1)
  Fannar (Lair:1)
  4 deep elf high priests
  An entropy weaver (shapeshifter) (Depths:3)
  2 spriggan zombies (Depths:2)
  Josephine (D:13)
  Harold (D:11)
  10 great orbs of eyes
  38 vault guards
  17 hydras
  6 entropy weavers
  A rakshasa (Depths:2)
  2 jorogumos
  Erica (D:11)
  3 peacekeepers
  3 radroaches
  A catoblepas (Lair:2)
  5 ogre magi
  4 spriggan air magi
  24 centaur warriors
  10 ice dragons
  An anaconda (shapeshifter) (Depths:3)
  3 ghost crabs
  3 hell beasts
  10 alligators
  12 boulder beetles
  17 ironbound frosthearts
  A sphinx skeleton (Depths:2)
  9 two-headed ogres
  7 death yaks
  34 dancing weapons
  7 deep troll shamans
  A satyr (Zot:1)
  5 tengu warriors
  2 vampire magi
  5 deep troll earth magi
  An orc high priest (Orc:2)
  6 demonic crawlers
  2 hell hogs
  4 spriggan berserkers
  Urug (D:11)
  6 occultists
  A shock serpent (shapeshifter) (Depths:4)
  24 deep elf knights
  9 hell knights
  6 iron trolls
  2 titan skeletons (Depths:2)
  8 skysharks
  9 spriggans
  8 goliath frogs
  9 skeletal warriors
  9 pharaoh ants
  2 golden dragon zombies (Depths:2)
  A sea snake (shapeshifter) (Vaults:5)
  7 glowing orange brains
  A spectral anaconda (Lair:5)
  70 deep trolls
  A glowing orange brain (shapeshifter) (Depths:3)
  8 steelbarb worms
  2 sun moths
  A sixfirhy (D:1)
  6 orb spiders
  22 ironbound convokers
  15 swamp dragons
  2 bog bodies
  11 arcanists
  2 spriggan druids
  13 deep elf archers
  24 lindwurms
  8 necromancers
  6 phantasmal warriors
  2 harpies (shapeshifter) (Depths:3)
  26 deep elf pyromancers
  6 orc knights
  25 deep elf zephyrmancers
  A shadow dragon zombie (Depths:2)
  6 orc sorcerers
  3 harpies (Zot:1)
  5 cyclopes
  A steelbarb worm (shapeshifter) (Vaults:5)
  3 manticores
  A tengu skeleton (Depths:2)
  29 ugly things
  2 iron dragon zombies (Depths:2)
  23 wolf spiders
  2 will-o-the-wisps (Swamp:1)
  2 shadow dragon skeletons (Depths:2)
  8 shining eyes
  An elephant (shapeshifter) (Depths:3)
  32 moths of wrath
  A moth of wrath (shapeshifter) (Depths:3)
  22 vault sentinels
  8 meliai
  A black mamba (shapeshifter) (D:13)
  An iron dragon skeleton (Depths:2)
  11 elephants
  43 slime creatures
  A kobold blastminer (Orc:2)
  2 smoke demons (Depths:2)
  8 black mambas
  An eye of devastation (Slime:5)
  5 torpor snails
  A torpor snail (shapeshifter) (Vaults:5)
  12 cane toads
  9 gargoyles
  An unseen horror (D:12)
  A dire elephant skeleton (Lair:5)
  10 komodo dragons
  A yaktaur (shapeshifter) (Depths:1)
  7 rime drakes
  2 freezing wraiths
  2 tengu conjurers
  3 efreet
  20 yaktaurs
  A queen bee (shapeshifter) (D:14)
  8 hornets
  A wolf spider simulacrum (D:15)
  13 human skeletons
  10 trolls
  2 hellwings
  2 polar bears
  21 tarantellas
  8 tyrant leeches
  A raiju (shapeshifter) (Elf:1)
  18 blink frogs
  An ettin zombie (Vaults:3)
  A polar bear (shapeshifter) (Elf:1)
  Prince Ribbit (D:7)
  A stone giant simulacrum (Vaults:3)
  4 glass eyes
  A shadow (D:11)
  3 dream sheep (Lair:5)
  A human simulacrum (Vaults:1)
  2 ettin skeletons (Vaults:1)
  19 jumping spiders
  10 wyverns
  A spriggan (shapeshifter) (Depths:3)
  2 culicivoras (shapeshifter)
  3 vampires
  18 culicivoras
  8 wraiths
  4 air elementals
  7 water elementals
  A dire elephant simulacrum (Lair:5)
  A fire elemental (Elf:3)
  12 fire bats
  5 golden eyes
  48 yaks
  4 basilisks
  A basilisk (shapeshifter) (Elf:2)
  2 wargs
  A steam dragon (Lair:2)
  3 hogs
  13 vampire mosquitoes
  A warg (shapeshifter) (Depths:3)
  A neqoxec (Depths:1)
  58 redbacks
  A death yak simulacrum (Lair:5)
  21 swamp worms
  An acid dragon (D:14)
  A glowing shapeshifter zombie (Depths:2)
  19 water moccasins
  2 hell hounds (Gauntlet)
  Duvessa (D:5)
  9 swamp drakes
  42 orc warriors
  A sky beast (D:8)
  3 black bears
  A black bear (shapeshifter) (Depths:3)
  An ice beast (D:7)
  An ettin simulacrum (Vaults:3)
  13 ogres
  5 boggarts (Vaults:2)
  17 wolves
  21 centaurs
  2 human zombies
  2 kobold brigands (D:9)
  A weeping skull (D:3)
  13 bullfrogs
  7 gnoll sergeants (D:11)
  Blork the orc (D:4)
  3 earth elementals
  4 cane toad simulacra (Lair:5)
  A scorpion (Lair:1)
  Dowan (D:5)
  7 wights
  An elephant simulacrum (Lair:5)
  23 killer bees
  4 howler monkeys
  2 electric eels
  2 bombardier beetles (D:4)
  4 hounds
  3 jellies (Lair:5)
  24 orc priests
  An iron imp (D:14)
  An iguana (D:7)
  Ijyb (D:4)
  Terence (D:2)
  Natasha (thrice) (D:4)
  25 orc wizards
  Robin (D:2)
  A gnoll (D:1)
  7 adders
  2 shadow imps (Gauntlet)
  2 white imps
  2 ufetubi (D:5)
  5 dart slugs
  A ribbon worm (D:3)
  66 orcs
  12 ball pythons
  2 endoplasms (D:2)
  2 giant cockroaches
  14 goblins
  8 hobgoblins
  6 quokkas
  4 bats
  2 frilled lizards (D:3)
  9 kobolds
  8 rats
  A spectral orc (D:3)
  4 aspiring fleshes
2309 creatures vanquished.

Vanquished Creatures (collateral kills)
  A fire giant (Depths:3)
  A meliai (Spider:4)
  3 wights (D:8)
5 creatures vanquished.

Vanquished Creatures (others)
  Kirke (D:13)
  2 fire giants
  A draconian annihilator (Zot:3)
  A red draconian (Zot:4)
  3 spark wasps (Depths:3)
  A purple draconian (Zot:3)
  A fire dragon (Zot:1)
  A steelbarb worm (Spider:1)
  3 bloated husks
  A tyrant leech (Spider:1)
  A water moccasin (Lair:5)
  An ogre (Orc:2)
  An iguana (D:6)
  2 orc wizards
  12 foxfires (Swamp:1)
  74 spectral weapons
106 creatures vanquished.

Grand Total: 2420 creatures vanquished

Notes
Turn   | Place    | Note
-------+----------+-------------------------------------------
     0 | D:1      | Ofeo the Draconian Brigand began the quest for the Orb.
     0 | D:1      | Reached XP level 1. HP: 17/17 MP: 1/1
   273 | D:1      | Reached skill level 1 in Dodging
   371 | D:1      | Reached XP level 2. HP: 25/25 MP: 2/2
   843 | D:1      | Reached XP level 3. HP: 30/30 MP: 3/3
  1555 | D:2      | Found a faded altar of an unknown god.
  1602 | D:2      | Noticed Robin
  1618 | D:2      | Killed Robin
  1662 | D:2      | Reached XP level 4. HP: 35/37 MP: 4/4
  1995 | D:2      | Noticed Terence
  2026 | D:2      | Killed Terence
  2027 | D:2      | Reached skill level 3 in Fighting
  2561 | D:3      | Reached XP level 5. HP: 25/45 MP: 5/5
  2661 | D:3      | Identified the +2 hat of Terror {-Cast +Inv rN+ Dex+3}
  2668 | D:3      | Identified the +1 pair of gloves of Bitterness {Str+2}
  2784 | D:3      | Found a sacrificial altar of Ru.
  2817 | D:3      | Found a basalt altar of Yredelemnul.
  3605 | D:3      | Found an iron altar of Okawaru.
  3958 | D:3      | Reached XP level 6. HP: 48/51 MP: 6/6
  4138 | D:4      | Noticed Ijyb
  4143 | D:4      | Killed Ijyb
  4328 | D:3      | Reached skill level 1 in Evocations
  4567 | D:4      | Reached skill level 4 in Fighting
  4739 | D:4      | Noticed Natasha
  4743 | D:4      | Killed Natasha
  4765 | D:4      | Your scales start taking on a rich purple colour.
  4765 | D:4      | Reached XP level 7. HP: 29/59 MP: 7/7
  5060 | D:4      | Noticed Natasha
  5070 | D:4      | Killed Natasha
  5074 | D:4      | Noticed Blork the orc
  5092 | D:4      | Killed Blork the orc
  5575 | D:4      | Noticed Natasha
  5583 | D:4      | Killed Natasha
  5714 | D:5      | Entered Level 5 of the Dungeon
  5827 | D:5      | Reached skill level 5 in Fighting
  5827 | D:5      | Reached XP level 8. HP: 59/68 MP: 8/8
  5988 | D:5      | Found a staircase to the Ecumenical Temple.
  6067 | Temple   | Entered the Ecumenical Temple
  6218 | D:5      | Noticed Duvessa
  6219 | D:5      | Reached skill level 5 in Evocations
  6220 | D:5      | Noticed Dowan
  6251 | D:5      | Killed Duvessa
  6260 | D:5      | Killed Dowan
  6377 | D:5      | Reached skill level 5 in Short Blades
  6992 | D:6      | Reached skill level 6 in Fighting
  7003 | D:6      | Reached skill level 5 in Throwing
  7003 | D:6      | Reached XP level 9. HP: 33/75 MP: 9/9
  7538 | D:6      | Found a white marble altar of Elyvilon.
  7541 | D:6      | Found a shimmering altar of Xom.
  7541 | D:6      | Found a sparkling altar of Nemelex Xobeh.
  8051 | D:7      | Noticed Prince Ribbit
  8065 | D:7      | Killed Prince Ribbit
  8232 | D:7      | Found Josothil's Antique Armour Shop.
  8260 | D:7      | Bought a pair of embroidered gloves for 217 gold pieces
  8768 | D:7      | Found a glowing silver altar of Zin.
  8868 | D:7      | Found a snail-covered altar of Cheibriados.
  8946 | D:7      | Found a shadowy altar of Dithmenos.
  8947 | D:7      | Found a hazy altar of Hepliaklqana.
  9176 | D:8      | Reached skill level 7 in Fighting
  9198 | D:8      | Found a transporter.
  9211 | D:8      | Noticed Laraso's ghost (novice DrSh)
  9230 | D:8      | Noticed a moth of wrath
  9261 | D:8      | Found But Himp's Neck Hole.
 10070 | D:8      | Found Ruixtet's Antique Armour Shop.
 10077 | D:8      | Bought a pair of runed boots for 142 gold pieces
 10182 | D:8      | Found a transporter.
 10608 | D:8      | Reached XP level 10. HP: 88/88 MP: 10/10
 10626 | D:8      | Reached skill level 8 in Fighting
 10704 | D:8      | Found a staircase to the Lair.
 11377 | D:9      | Found an ancient bone altar of Kikubaaqudgha.
 11416 | D:9      | Found an opulent altar of Gozag.
 11698 | D:9      | Found a broken altar of Ashenzari.
 11906 | D:9      | Found a hide-covered altar of Uskayaw.
 12050 | D:9      | Became a worshipper of Uskayaw the Reveller
 12122 | D:8      | Reached * piety under Uskayaw
 12213 | D:8      | Reached ** piety under Uskayaw
 12799 | D:10     | Entered Level 10 of the Dungeon
 12907 | D:10     | Reached skill level 9 in Fighting
 12907 | D:10     | Reached *** piety under Uskayaw
 12912 | D:10     | Reached **** piety under Uskayaw
 13227 | D:10     | Reached ***** piety under Uskayaw
 13249 | D:10     | Reached ****** piety under Uskayaw
 13486 | D:10     | Found Eckerphi's Weapon Shop.
 14054 | D:10     | Reached XP level 11. HP: 61/99 MP: 11/11
 14207 | D:10     | Found a burning altar of Makhleb.
 14557 | D:10     | Reached skill level 10 in Fighting
 14797 | D:11     | Noticed Gastronok
 15008 | Lair:1   | Entered Level 1 of the Lair of Beasts
 15609 | Lair:1   | Noticed a boulder beetle
 15641 | Lair:1   | Killed a boulder beetle
 16224 | Lair:1   | Reached skill level 10 in Short Blades
 16255 | Lair:1   | Noticed a boulder beetle
 16273 | Lair:1   | Killed a boulder beetle
 16274 | Lair:1   | Reached skill level 11 in Fighting
 16449 | Lair:1   | Noticed a death yak
 16478 | Lair:1   | Killed a death yak
 16479 | Lair:1   | Reached skill level 12 in Fighting
 16479 | Lair:1   | Reached skill level 1 in Invocations
 16576 | Lair:1   | You fall into a shaft and drop 1 floor!
 16646 | Lair:2   | Noticed a skyshark
 17025 | Lair:1   | Noticed Fannar
 17035 | Lair:1   | Killed Fannar
 17036 | Lair:1   | Reached XP level 12. HP: 94/112 MP: 13/13
 17106 | Lair:1   | Reached skill level 5 in Stealth
 17729 | Lair:2   | Reached skill level 5 in Invocations
 17754 | Lair:2   | Noticed a catoblepas
 17832 | Lair:1   | Upgraded the game from 0.31-a0-1589-g8f5e8aebd6 to
                  | 0.31-a0-1591-g515db51633
 18122 | Lair:2   | Got the Omnibus of Shifting and the Fifth Circle
 18159 | Lair:2   | Killed a catoblepas
 18464 | Lair:2   | Identified the +3 plate armour of Opsuxoibb {-Tele Regen+
                  | rCorr SInv}
 18622 | Lair:2   | Reached skill level 5 in Dodging
 18628 | Lair:2   | Reached skill level 13 in Fighting
 18949 | Lair:2   | Noticed a four-headed hydra
 18957 | Lair:2   | Noticed a seven-headed hydra
 19348 | Lair:2   | Reached XP level 13. HP: 56/122 MP: 18/18
 20638 | Lair:3   | Found a hole to the Spider Nest.
 21837 | Lair:4   | Identified the +2 scale mail "Ygidwaj" {rF+ Int+5}
 21960 | Lair:4   | Reached skill level 10 in Invocations
 22484 | Lair:4   | Reached skill level 14 in Fighting
 22638 | Lair:5   | Entered Level 5 of the Lair of Beasts
 22664 | Lair:5   | Learned a level 3 spell: Confusing Touch
 23899 | Lair:5   | Reached XP level 14. HP: 105/132 MP: 21/21
 24438 | Lair:5   | Found a glowing silver altar of Zin.
 24457 | Lair:5   | Found a staircase to the Slime Pits.
 25390 | Lair:5   | Reached skill level 15 in Fighting
 25439 | Lair:5   | Reached skill level 10 in Stealth
 25478 | Lair:5   | Identified the +8 dagger of Laceration {antimagic, rC+
                  | Will+ Int+3 Dex+3}
 26267 | D:11     | Killed Gastronok
 26385 | D:11     | Noticed Erica
 26396 | D:11     | Killed Erica
 27013 | D:11     | Found a faded altar of an unknown god.
 27153 | D:11     | Noticed Urug
 27181 | D:11     | Killed Urug
 27182 | D:11     | Reached skill level 1 in Shapeshifting
 27370 | D:11     | Noticed Harold
 27375 | D:11     | Killed Harold
 28210 | D:12     | Noticed a vampire knight
 28223 | D:12     | Noticed NightmareEGirl's ghost (journeyman NaBe)
 28509 | D:12     | Found a staircase to the Orcish Mines.
 28566 | D:12     | Noticed a vampire knight
 28578 | D:12     | Reached skill level 5 in Shapeshifting
 28578 | D:12     | Reached XP level 15. HP: 132/141 MP: 22/22
 28606 | D:12     | Found a portal to a secret trove of treasure.
 28790 | D:12     | Found a transporter.
 28794 | D:12     | Found a transporter.
 29064 | Orc:1    | Entered Level 1 of the Orcish Mines
 29292 | Orc:2    | Entered Level 2 of the Orcish Mines
 29729 | Orc:2    | Found a transporter.
 29733 | Orc:2    | Noticed olddryhag's ghost (journeyman HORe)
 30118 | Orc:2    | Found a transporter.
 30500 | Orc:2    | Found Idymorgho's Jewellery Emporium.
 30528 | Orc:2    | Found Duac's General Store.
 30532 | Orc:2    | Found Abeur's Antique Armour Emporium.
 30590 | Orc:2    | Bought a scroll of identify for 22 gold pieces
 30616 | Orc:2    | Found Moucvom's Antique Weapon Emporium.
 30623 | Orc:2    | Bought a warped long sword for 314 gold pieces
 30623 | Orc:2    | Identified the +0 long sword of the Priest {flame, rCorr
                  | Int+4 Dex-5} (You bought it in a shop on level 2 of the
                  | Orcish Mines)
 30640 | Orc:2    | Bought a +4 ring of protection for 504 gold pieces
 30827 | Orc:2    | Found a staircase to the Elven Halls.
 31334 | Orc:2    | Killed olddryhag's ghost
 31803 | D:13     | Noticed Kirke
 31958 | D:13     | Noticed Josephine
 31969 | D:13     | Killed Josephine
 32062 | D:13     | Noticed a sphinx
 32089 | D:13     | Killed Kirke
 32491 | D:13     | Found a gate to the Vaults.
 32678 | D:13     | Reached skill level 10 in Shapeshifting
 32678 | D:13     | Reached skill level 1 in Shields
 33407 | D:14     | Found a gate leading to a gauntlet.
 33431 | Gauntlet | Entered a Gauntlet
 33431 | Gauntlet | Found a transporter.
 33431 | Gauntlet | Found a transporter.
 33431 | Gauntlet | Found a large runed translucent door.
 33431 | Gauntlet | Found a large runed translucent door.
 33431 | Gauntlet | Found a large runed translucent door.
 33431 | Gauntlet | Found a large runed translucent door.
 33431 | Gauntlet | Found a large runed translucent door.
 33431 | Gauntlet | Found a large runed translucent door.
 33431 | Gauntlet | Found a runed translucent door.
 33431 | Gauntlet | Found a runed translucent door.
 33431 | Gauntlet | Found a large runed translucent door.
 33431 | Gauntlet | Found a large runed translucent door.
 33431 | Gauntlet | Found a large runed translucent door.
 33431 | Gauntlet | Found a large runed translucent door.
 33431 | Gauntlet | Found a large runed translucent door.
 33431 | Gauntlet | Found a large runed translucent door.
 33435 | Gauntlet | Found a transporter.
 33435 | Gauntlet | Found a transporter.
 33439 | Gauntlet | Found a large runed translucent door.
 33439 | Gauntlet | Found a large runed translucent door.
 33440 | Gauntlet | Found a runed translucent gate.
 33440 | Gauntlet | Found a runed translucent gate.
 33440 | Gauntlet | Found a runed translucent gate.
 33442 | Gauntlet | Found a transporter.
 33462 | Gauntlet | Found a transporter.
 33471 | Gauntlet | Found a transporter.
 33484 | Gauntlet | Found a transporter.
 33484 | Gauntlet | Found a transporter.
 33488 | Gauntlet | Found a transporter.
 33494 | Gauntlet | Found a transporter.
 33542 | Gauntlet | Found a large runed translucent door.
 33543 | Gauntlet | Found a large runed translucent door.
 33570 | Gauntlet | Found a transporter.
 33584 | Gauntlet | Found a transporter.
 33684 | Gauntlet | Found a transporter.
 33698 | Gauntlet | Found a transporter.
 33711 | Gauntlet | Found a transporter.
 34014 | Gauntlet | Identified the amulet "Qass" {RegenMP Regen+ rCorr Dex+3}
 34086 | Gauntlet | HP: 7/141 [poisoned by a reaper]
 34087 | Gauntlet | Reached skill level 5 in Shields
 34266 | Gauntlet | Identified the +2 pair of gloves of Ybreguv {+Inv rPois rC+
                  | Dex-2}
 34294 | Gauntlet | Identified the staff of Ittitt {rC+ Dex+5 Necro Ice}
 34356 | D:14     | Found Dicviym's General Store.
 34364 | D:14     | Bought a scroll of identify for 26 gold pieces
 34364 | D:14     | Identified a scroll of acquirement
 34534 | D:14     | Found a broken altar of Ashenzari.
 34629 | D:14     | Reached XP level 16. HP: 149/149 MP: 7/23
 34985 | D:15     | Entered Level 15 of the Dungeon
 35005 | D:15     | Found a staircase to the Depths.
 35784 | D:15     | Reached skill level 10 in Shields
 36636 | Spider:1 | Entered Level 1 of the Spider Nest
 37592 | Spider:1 | Identified the amulet of Day {RegenMP rF+ rN+}
 38839 | Spider:2 | Noticed Roxanne
 38858 | Spider:2 | Killed Roxanne
 39308 | Spider:2 | Reached XP level 17. HP: 156/156 MP: 24/24
 40394 | Spider:3 | Noticed Donald
 40414 | Spider:3 | Killed Donald
 40589 | Spider:3 | Paralysed by a jorogumo for 3 turns
 41327 | Spider:4 | Entered Level 4 of the Spider Nest
 41531 | Spider:4 | Reached skill level 10 in Dodging
 41531 | Spider:4 | Reached XP level 18. HP: 166/166 MP: 25/25
 41736 | Spider:4 | Reached skill level 16 in Fighting
 42826 | Spider:4 | Got a gossamer rune of Zot
 43107 | Spider:4 | Noticed grandjackal's ghost (adept DsGl)
 43112 | Spider:4 | Found a runed translucent door.
 43166 | Spider:4 | Killed grandjackal's ghost
 43605 | Lair:2   | Found a staircase to the Swamp.
 43623 | Swamp:1  | Entered Level 1 of the Swamp
 44602 | Swamp:2  | Noticed Jorgrun
 44629 | Swamp:2  | Killed Jorgrun
 44958 | Swamp:3  | Reached XP level 19. HP: 174/174 MP: 26/26
 45432 | Swamp:4  | Entered Level 4 of the Swamp
 45556 | Swamp:4  | Noticed Bai Suzhen
 45593 | Swamp:4  | Killed Bai Suzhen
 45816 | Swamp:4  | Noticed the 27-headed Lernaean hydra
 45827 | Swamp:4  | Killed the 27-headed Lernaean hydra
 45836 | Swamp:4  | Reached skill level 17 in Fighting
 46133 | Swamp:4  | Got a decaying rune of Zot
 46302 | Swamp:4  | Noticed Nikola
 46313 | Swamp:4  | Killed Nikola
 46992 | Vaults:1 | Entered Level 1 of the Vaults
 47765 | Vaults:1 | Found Nyalyzen's Antique Weapon Boutique.
 47818 | Vaults:1 | Reached XP level 20. HP: 187/187 MP: 27/27
 47823 | Vaults:1 | Identified the +5 plate armour "Hounen" {Harm *Slow Will+++
                  | Stlth+}
 48581 | Vaults:2 | Identified the +8 battleaxe of the Dripping Wolf {spect,
                  | Str-5 Dex+5}
 48725 | D:12     | You paid a toll of 2 scrolls of acquirement to enter a
                  | treasure trove
 48726 | Trove    | Entered a treasure trove
 48753 | Trove    | Identified the +1 pair of gloves "Obojuder" {rPois rCorr
                  | Dex+2 Stlth-}
 48758 | Trove    | Identified the ring "Vyfocveucy" {rN+ EV+5}
 49163 | Vaults:2 | Reached skill level 18 in Fighting
 49203 | Vaults:2 | Noticed Zenata
 49230 | Vaults:2 | Killed Zenata
 49445 | Vaults:2 | Reached skill level 15 in Dodging
 49813 | Vaults:2 | Found Gaschumne's Magic Scroll Shop.
 49821 | Vaults:2 | Bought a scroll of teleportation for 51 gold pieces
 49821 | Vaults:2 | Bought a scroll of fear for 68 gold pieces
 49821 | Vaults:2 | Bought a scroll of fear for 68 gold pieces
 50204 | Vaults:3 | Noticed Asterion
 50222 | Vaults:3 | Killed Asterion
 50882 | Vaults:3 | Got Sif Muna's Atlas of Bewitching Congelation
 51382 | Vaults:3 | Found a staircase to the Crypt.
 51636 | Vaults:3 | Reached XP level 21. HP: 166/195 MP: 28/28
 51812 | Vaults:4 | Noticed Norris
 51819 | Vaults:4 | Killed Norris
 52257 | Vaults:4 | Reached skill level 19 in Fighting
 53217 | Depths:1 | Entered Level 1 of the Depths
 53229 | Depths:1 | Reached skill level 15 in Stealth
 53630 | Depths:1 | Found a one-way gate leading to the halls of Pandemonium.
 53717 | Depths:1 | Found a one-way gateway to a ziggurat.
 53827 | Depths:1 | Found a gateway to Hell.
 53854 | Depths:1 | Found a glowing silver altar of Zin.
 54260 | Depths:1 | Noticed the Enchantress
 54275 | Depths:1 | Killed the Enchantress
 54276 | Depths:1 | Reached XP level 22. HP: 166/206 MP: 29/31
 54664 | Depths:2 | Noticed a golden dragon
 54846 | Depths:2 | Killed a golden dragon
 55036 | Depths:2 | Identified the +7 falchion of the Riding Philosopher
                  | {flame, rF- rC+ Int+5}
 55226 | Depths:2 | Found a one-way gate to the infinite horrors of the Abyss.
 55354 | Depths:2 | Reached skill level 20 in Fighting
 55644 | Depths:2 | Found the +9 sword of Zonguldrok {reap}
 56233 | Depths:3 | Acquired the ring of Deabrec {rElec rPois rN+ Will+ Int-3}
 56320 | Depths:3 | Noticed a juggernaut
 56325 | Depths:3 | Killed a juggernaut
 56544 | Depths:3 | Got the Cyclopedia of the Enchanted Crevasse
 56807 | Depths:3 | Found a runed translucent gate.
 56807 | Depths:3 | Found a runed translucent gate.
 56807 | Depths:3 | Found a runed translucent gate.
 56830 | Depths:3 | Noticed Vv
 57217 | Depths:3 | Noticed Mennas
 57241 | Depths:3 | Killed Mennas
 57509 | Depths:3 | Reached XP level 23. HP: 179/217 MP: 33/33
 57525 | Depths:3 | Found a runed translucent gate.
 57525 | Depths:3 | Found a runed translucent gate.
 57532 | Depths:3 | Found a runed translucent gate.
 57537 | Depths:3 | Noticed Lucarghiu's ghost (veteran GnWn)
 57569 | Depths:3 | Gained mutation: You occasionally lose the ability to read
                  | scrolls when taking damage. [a cacodemon]
 57569 | Depths:3 | Gained mutation: You have hidden genetic defects. [a
                  | cacodemon]
 57572 | Depths:3 | Killed Lucarghiu's ghost
 57593 | Depths:3 | Lost mutation: You occasionally lose the ability to read
                  | scrolls when taking damage. [potion of mutation]
 57593 | Depths:3 | Lost mutation: You have hidden genetic defects. [potion of
                  | mutation]
 57593 | Depths:3 | Gained mutation: Your body sometimes deteriorates upon
                  | taking damage. [potion of mutation]
 57593 | Depths:3 | Gained mutation: Your muscles are strong. (Str +4, Int/Dex
                  | -1) [potion of mutation]
 57593 | Depths:3 | Gained mutation: You expend magic power (3 MP) to
                  | strengthen your wands. [potion of mutation]
 57919 | Depths:3 | Identified the +2 robe of Ashenzari's Supremacy {+Inv rC+
                  | Slay-4 Archmagi}
 57982 | Depths:4 | Entered Level 4 of the Depths
 58246 | Depths:4 | Found a gate to the Realm of Zot.
 58246 | Depths:4 | Found a stormy altar of Qazlal.
 59020 | Depths:4 | Reached skill level 21 in Fighting
 59799 | Elf:1    | Entered Level 1 of the Elven Halls
 59894 | Elf:1    | Identified the serpent talisman "Miptouv" {rC++ rCorr}
 59894 | Elf:1    | Noticed Aizul
 59909 | Elf:1    | Killed Aizul
 60328 | Elf:1    | You fall into a shaft and drop 1 floor!
 60413 | Elf:2    | Found an ancient bone altar of Kikubaaqudgha.
 60514 | Elf:2    | Acquired 503 gold pieces
 60516 | Elf:2    | Acquired the ring "Hiat" {^Drain rC+ Will+ Str+3 Slay+4}
 60775 | Elf:2    | Reached skill level 15 in Invocations
 60823 | Elf:2    | Found a runed translucent gate.
 60824 | Elf:2    | Found a runed translucent gate.
 60824 | Elf:2    | Found a runed translucent gate.
 60954 | Elf:2    | Reached XP level 24. HP: 219/228 MP: 34/34
 61247 | Elf:3    | Entered Level 3 of the Elven Halls
 62281 | Elf:3    | Identified the ring "Riuriusof" {rElec rPois rC- AC+4
                  | Int+4}
 62297 | Elf:3    | Identified the ring "Xunlyema" {Wiz rPois Int+4}
 62326 | Elf:3    | Identified the +4 chain mail of Distant Worlds {rElec}
 62338 | Elf:3    | Identified the +6 orcbow "Newtbane" {freeze, rPois rN++
                  | rCorr Dex-2}
 62444 | Elf:3    | Identified the +6 broad axe "Jojeuric" {heavy, rN+ Str+2
                  | Int-3}
 63223 | Slime:1  | Entered Level 1 of the Pits of Slime
 63223 | Slime:1  | Found a viscous altar of Jiyva.
 63290 | Slime:3  | Gained mutation: You are vulnerable to cold. (rC-) [a
                  | shining eye]
 63340 | Slime:5  | Entered Level 5 of the Pits of Slime
 63407 | Slime:5  | Found a viscous altar of Jiyva.
 63441 | Slime:5  | Noticed the Royal Jelly
 63448 | Slime:5  | Killed the Royal Jelly
 63588 | Slime:5  | Got a starry gem with 308 turns to spare
 63591 | Slime:5  | Got a slimy rune of Zot
 63609 | Slime:5  | Identified the +6 flail of Fopysm {flame, rElec SInv
                  | Stlth-}
 63617 | Slime:5  | Got Sif Muna's Reference Book on Maleficia
 64080 | Vaults:5 | Entered Level 5 of the Vaults
 64106 | Vaults:5 | Reached skill level 22 in Fighting
 64233 | Vaults:5 | Reached XP level 25. HP: 238/238 MP: 35/35
 64251 | Vaults:5 | Got the Compilation of Stolen Souls
 64490 | Vaults:5 | Identified the +5 falchion "Orb Guardian's Bane" {speed,
                  | rPois rCorr Int+4}
 64820 | Vaults:5 | Found Ejofoeph's Antique Weapon Boutique.
 64851 | Vaults:5 | Identified the +2 pair of boots of Death's Door {rF+}
 64861 | Vaults:5 | Noticed an ancient lich
 64897 | Vaults:4 | Killed an ancient lich
 65469 | Vaults:5 | Got the Catalogue of Spellbinding
 65816 | Vaults:5 | Got a silver rune of Zot
 66373 | Zot:1    | Entered Level 1 of the Realm of Zot
 66519 | Zot:1    | Noticed a dread lich
 66528 | Zot:1    | Killed a dread lich
 66533 | Zot:1    | Identified the +6 scimitar of Fate {antimagic, Dex+3}
 67549 | Zot:1    | Identified the +8 quarterstaff of Death {freeze, rF- rN++
                  | Dex+2}
 67860 | Zot:1    | Reached skill level 23 in Fighting
 67998 | Zot:2    | Reached XP level 26. HP: 249/250 MP: 35/35
 68012 | Zot:2    | Noticed an orb of fire
 68012 | Zot:2    | Killed an orb of fire
 68674 | Zot:3    | Noticed an orb of fire
 68677 | Zot:3    | Killed an orb of fire
 69043 | Zot:3    | Reached skill level 15 in Shapeshifting
 69281 | Zot:3    | Identified the +7 flail of Fortitude {venom, rF+ Will+
                  | SInv}
 69449 | Zot:3    | Identified the +4 short sword "Ihotos" {pain, rF+++ rCorr
                  | Str-4 Dex-4}
 69923 | Zot:4    | Found Hafeqe's Changing Room.
 69940 | Zot:4    | Bought the maw talisman of Tuihala {rElec Int+2 Stlth-} for
                  | 1723 gold pieces
 70629 | Zot:5    | Entered Level 5 of the Realm of Zot
 71177 | Zot:5    | Reached XP level 27. HP: 260/260 MP: 36/36
 71358 | Zot:5    | Noticed an ancient lich
 71362 | Zot:5    | Killed an ancient lich
 71402 | Zot:5    | Noticed a dread lich
 71402 | Zot:5    | Noticed an orb of fire
 71404 | Zot:5    | Noticed an orb of fire
 71404 | Zot:5    | Noticed an orb of fire
 71404 | Zot:5    | Noticed an orb of fire
 71410 | Zot:5    | Killed an orb of fire
 71412 | Zot:5    | Killed a dread lich
 71416 | Zot:5    | Killed an orb of fire
 71417 | Zot:5    | Killed an orb of fire
 71418 | Zot:5    | Reached skill level 24 in Fighting
 71421 | Zot:5    | Killed an orb of fire
 71496 | Zot:5    | Noticed an orb of fire
 71511 | Zot:5    | Killed an orb of fire
 71512 | Zot:5    | Noticed an ancient lich
 71520 | Zot:5    | Noticed an ancient lich
 71523 | Zot:5    | Killed an ancient lich
 71524 | Zot:5    | Noticed a dread lich
 71525 | Zot:5    | Killed a dread lich
 71525 | Zot:5    | Noticed an ancient lich
 71525 | Zot:5    | Noticed a dread lich
 71536 | Zot:5    | Killed a dread lich
 71542 | Zot:5    | Killed an ancient lich
 71548 | Zot:5    | Killed an ancient lich
 71804 | Zot:5    | Got the Orb of Zot
 72070 | Depths:3 | Killed Vv
 72225 | D:14     | Noticed Upsukhl Ogete the pandemonium lord
 72234 | D:14     | Killed Upsukhl Ogete the pandemonium lord
 72474 | D:$      | Escaped with the Orb!

Illustrated notes

Levels and vault maps discovered:
D:1:      elethiomel_arrival_maze, layout_basic, nicolae_hexahallways,
          chequers_serial_rivers_micro_e
D:2:      layout_loops_ring, nicolae_ecumenical_oubliette,
          nicolae_figureground_pulse, uniq_robin, uniq_terence
D:3:      minmay_chambers_of_twos, layout_basic, mainiacjoe_overflow_24_doors,
          yredelemnul_forgotten_temple_becter, nicolae_ru_path_of_blood
D:4:      cheibrodos_pilgrimage, layout_rooms, uniq_natasha, uniq_blork_the_orc,
          uniq_ijyb
D:5:      layout_loops_ring, temple_statues, uniq_duvessa
D:6:      layout_loops_ring, grunt_temple_overflow_open, minmay_manual_mess
D:7:      layout_rooms, riverfiend_overflow_shadow_ancestor,
          mainiacjoe_overflow_alcove_1, lemuel_tele_altar, serial_shops,
          nicolae_shop_hallway_plus, eino_small_chamber_without_monster,
          solitary_fountain, chequers_garden, uniq_prince_ribbit1
D:8:      layout_loops_ring, erik_lair_dragon, serial_shops, shop,
          gammafunk_ghost_berserking_beasts, nicolae_shop_sticking_my_neck_out
D:9:      layout_irregular_city, nicolae_overflow_hidden_temple,
          kennysheep_mini, kennysheep_mini_moat, kiku_gazebo_garden_becter,
          serial_glass, glass_columns_b, glass_columns_b, minmay_orc_keep
D:10:     layout_rooms, mainiacjoe_overflow_six_doors_small, serial_shops,
          nicolae_shop_trees
D:11:     regret_index_infernal_bastille, layout_basic, uniq_erica,
          uniq_gastronok, uniq_harold, uniq_urug
D:12:     layout_roguey, david_orc_4, gammafunk_ghost_mausoleum, enter_trove_5
D:13:     layout_loops_cross, erik_vaults_2, uniq_josephine, uniq_kirke
D:14:     layout_roguey, gauntlet_entry_generic, nicolae_ashenzari_skybound,
          serial_shops, nicolae_shop_hallway_stairs
D:15:     hellmonk_depths_entry_around_the_bend, layout_basic, dk_noncrumbling_4
Temple:   nicolae_temple_great_sept
Lair:1:   layout_cellular_growth, minmay_shattered_shrine, grunt_megastairs_2,
          uniq_fannar
Lair:2:   beargit_carnivore_pack, layout_hall_layers, palyth_hydra_swamp_entry,
          nicolae_quartered_pool_impasse, grunt_megastairs_1,
          infiniplex_staircase_pool_2, lemuel_fruit_tree
Lair:3:   layout_layer_cave, spider_nest_entry_web_field
Lair:4:   layout_concentric_octagons, amcnicky_mini_pool_medium,
          grunt_megastairs_3, serial_bayou_shore_b
Lair:5:   due_jungle_book, layout_loops_ring, nicolae_slime_entry_field_trip,
          basic_altar
Swamp:1:  layout_falls_marsh, evilmike_swamp_ruin_rubble_1, swamp_pool_1_2,
          nicolae_swamp_little_tower
Swamp:2:  layout_falls_marsh, serial_swamp_ruin, hangedman_swamp_ruin_hall,
          evilmike_swamp_ruin_house_1, evilmike_swamp_ruin_house_5, uniq_jorgrun
Swamp:3:  layout_falls_marsh, evilmike_swamp_ruin_house_6, swamp_pool_4
Swamp:4:  swamp_old_school, layout_basic_swamp, infiniplex_staircase_pool,
          nicolae_swamp_decorative_isthmus, uniq_bai_suzhen, uniq_nikola
Spider:1: layout_cave_pods, hangedman_spider_mandibles,
          nicolae_spider_swamp_cousins
Spider:2: layout_spider_delve, uniq_roxanne
Spider:3: layout_spider_delve, hangedman_spider_tarantella_strand, uniq_donald
Spider:4: hellmonk_spider_rune_bug_friends, hellmonk_ghost_happy_afterlife
Slime:1:  layout_caves, basic_altar
Slime:2:  layout_caves
Slime:3:  layout_caves, cheibrodos_slime_lost_civilization_7
Slime:4:  layout_caves
Slime:5:  slime_pit_nicolae_jellycorners
Orc:1:    layout_caves, minmay_orc_temple_b
Orc:2:    grunt_orc_cross, layout_caves, gammafunk_ghost_arena
Elf:1:    eino_elf_arrival_the_gate, layout_geoelf_diagonals,
          nicolae_elf_blasts_and_bolts, uniq_aizul
Elf:2:    nicolae_elf_blades_crystal_corner, layout_geoelf_diagonals,
          basic_altar, minmay_misc_feat_columns, grunt_ministairs_10
Elf:3:    minmay_elf_hall_furrowed, layout_gridlike
Vaults:1: v_pattern_3, vaults_room_corners, st_more_cells, vaults_room_pools,
          vaults_room_door_ring, nicolae_vaults_asterisk,
          hangedman_vaults_corner, nicolae_vaults_hexular_roomagon,
          ontoclasm_vaults_eye, nicolae_vaults_ninety_degrees,
          nicolae_vaults_shelves_hall, ontoclasm_vaults_chip, v_alt_pattern_3,
          nicolae_vaults_layer_cake_slice, nicolae_vaults_double_plus_1,
          layout_vaults_omnibox, serial_shops, shop
Vaults:2: vaults_standard_mumra_x, nicolae_vaults_double_plus_2,
          dpeg_vaults_monster_row, vaults_dpeg_diagonal,
          nicolae_vaults_corridor_and_loot_room, v_misc_24,
          nicolae_vaults_puzzle_piece, vaults_room_fours, vaults_room_hallway,
          hangedman_vaults_pinch, nicolae_vaults_house_2, vaults_mumra_hexcomb,
          grunt_vaults_hallway_long, layout_vaults_ring, serial_shops, shop,
          uniq_zenata
Vaults:3: nicolae_vaults_diffraction_hallways, v_misc_13,
          hangedman_vaults_locks, nicolae_vaults_stairing_the_circle,
          nicolae_vaults_diamond_2, nicolae_vaults_trapezoid_lopsided_1,
          nicolae_vaults_trapezoid_lopsided_4, grunt_vaults_funnel,
          nicolae_vaults_six-pack, nicolae_vaults_little_squares_4,
          nicolae_vaults_ring_of_whatevers, layout_vaults_quadrants,
          uniq_asterion
Vaults:4: nicolae_vaults_three_branches, v_pattern_2, v_rooms_2,
          nicolae_vaults_doubleplus_tesselated, nicolae_vaults_double_plus_3,
          dpeg_vaults_monster_box, hangedman_vaults_nails, v_misc_13,
          nicolae_vaults_tetromino_L_1, nicolae_vaults_offset_grid_hallway_1,
          vaults_mumra_bighexcomb, nicolae_vaults_house_2,
          ontoclasm_vaults_twist, layout_vaults_big_cross, uniq_norris
Vaults:5
Depths:1: layout_roguey [special_room_jelly], enter_ziggurat_d, pan_entry,
          serial_library_regret_index_multi, hell_entry, grunt_ministairs_15,
          st_stairs_3, zin_statuary, uniq_enchantress
Depths:2: minmay_the_grid_3x2 [minmay_the_grid_rooms, minmay_the_grid_x,
          minmay_the_grid_minigrid_small, minmay_the_grid_slots,
          minmay_the_grid_box_x, minmay_the_grid_prize_big_room],
          layout_twisted_cross, hell_entry, minmay_misc_feat_x,
          rand_demon_pan_entry_3, abyss_entry_glasseish,
          minmay_guarded_unrand_zonguldrok
Depths:3: constructs_gauntlet_mu_hangedman, layout_gridlike, abyss_entry,
          hell_entry, ploomutoo_gammafunk_ghost_potion_laboratory,
          chequers_serial_rivers_micro_e, infiniplex_staircase_river,
          uniq_mennas, uniq_vv
Depths:4: regret_index_qazlal_generations, layout_cave_shapes,
          grunt_mini_vestibule, hangedman_abyss_or_decor_slice, serial_rivers,
          chequers_serial_rivers_room_b, chequers_serial_rivers_small_b,
          chequers_serial_rivers_room_a, chequers_serial_rivers_micro_b
Zot:1:    hangedman_zot_vaults_quadrants, layout_concentric_octagons,
          hellmonk_formless_pools
Zot:2:    layout_onion_interference, regret_index_zotdec_barnacled_simple,
          hangedman_zot_wheel_spokes
Zot:3:    layout_gridville, st_single_dragon_hoard_3, st_single_dragon_hoard_1
Zot:4:    layout_gridlike, st_small_dragon_hoard_3, nicolae_transmutations_shop,
          grunt_ministairs_3
Zot:5:    layout_gridlike

Skill      XL: |  1  2  3  4  5  6  7  8  9 10 11 12 13 14 15 16 17 18 19 20 21 22 23 24 25 26 27 |
---------------+----------------------------------------------------------------------------------+-----
Dodging        | 1 2 5 7 9 10 12 14 16 17 19 20 21 22 23 | 23.0
Throwing       | 2 3 4 5 6 8 9 |  9.2
Stealth        | 4 6 8 10 11 13 14 15 16 17 18 19 20 | 20.6
Fighting       | 3 4 5 6 7 9 12 13 14 15 16 17 18 19 20 21 22 23 24 | 24.4
Short Blades   | 3 4 5 7 8 10 11 12 13 14 | 14.0
Evocations     | 2 4 6 8 |  8.0
Invocations    | 2 7 10 12 13 15 16 17 18 19 | 19.3
Shapeshifting  | 5 10 11 14 16 17 | 17.5
Shields        | 7 13 14 | 14.3

Action                     |  1- 3 |  4- 6 |  7- 9 | 10-12 | 13-15 | 16-18 | 19-21 | 22-24 | 25-27 || total
---------------------------+-------+-------+-------+-------+-------+-------+-------+-------+-------++-------
  Melee: Dagger            |    82 |   276 |   369 |   732 |  2030 |  1043 |  1438 |   553 |       ||  6523
         Tailslap          |     8 |    41 |    53 |   180 |   503 |   251 |   387 |   496 |   506 ||  2425
         Punch             |       |     3 |     4 |    19 |    33 |     6 |       |       |       ||    65
         Great sword       |       |       |       |    20 |     5 |       |       |       |       ||    25
         Scimitar          |       |       |       |       |    51 |       |       |       |       ||    51
         Maw               |       |       |       |       |   152 |   450 |   690 |   834 |   789 ||  2915
         Quick blade       |       |       |       |       |       |       |       |  1279 |  1573 ||  2852
  Throw: Dart              |     3 |     2 |       |    12 |     1 |       |       |       |       ||    18
         Javelin           |       |       |       |       |     3 |     3 |       |     1 |       ||     7
 Invoke: Stomp             |       |       |       |       |    15 |    10 |     6 |     1 |       ||    32
         Grand Finale      |       |       |       |       |       |     1 |     1 |     2 |     7 ||    11
         Line Pass         |       |       |       |       |       |       |       |     1 |       ||     1
Ability: Breathe Dispellin |       |       |    22 |     6 |     4 |     4 |     1 |     1 |       ||    38
         Evoke Invisibilit |       |       |     1 |     2 |     1 |       |       |       |       ||     4
  Evoke: Wand              |       |       |     2 |    11 |    12 |     1 |     7 |     4 |       ||    37
         Lightning rod     |       |       |       |     8 |    13 |       |     7 |       |       ||    28
         Sack of spiders   |       |       |       |       |     1 |     1 |       |       |       ||     2
         Phantom mirror    |       |       |       |       |       |       |     1 |       |       ||     1
    Use: Scroll            |     2 |     6 |    10 |     8 |     9 |    12 |     2 |    13 |     5 ||    67
         Potion            |       |       |     1 |     2 |     4 |     4 |     2 |     6 |     4 ||    23
   Stab: Sleeping          |    12 |     3 |    11 |    13 |    37 |    63 |    68 |    92 |    32 ||   331
         Distracted        |       |     4 |     3 |    19 |    78 |    44 |    63 |    41 |    15 ||   267
         Invisible         |       |       |     2 |     5 |     4 |       |     3 |       |       ||    14
         Paralysed         |       |       |       |    20 |    73 |    64 |   120 |   137 |   105 ||   519
         Petrified         |       |       |       |     1 |       |       |       |       |       ||     1
         Confused          |       |       |       |       |       |       |       |     1 |       ||     1
 Armour: Skin              |    17 |   103 |   193 |   376 |   781 |   381 |   339 |   217 |   161 ||  2568
  Dodge: Dodged            |    31 |   109 |   217 |   355 |  1073 |   587 |   873 |   528 |   489 ||  4262
  Block: Kite shield       |       |       |       |       |       |   331 |   931 |   610 |   505 ||  2377
         Reflection        |       |       |       |       |       |       |       |       |     9 ||     9
   Form: Maw               |       |       |       |       |     1 |       |       |       |     1 ||     2

Table legend: (Time is in decaauts)
 A = Elapsed time spent in this place.
 B = Non-inter-level travel time spent in this place.
 C = Inter-level travel time spent in this place.
 D = Time resting spent in this place.
 E = Time spent auto-exploring this place.
 F = Levels seen in this place.
 G = Mean time per level.
                   A        B        C        D        E       F      G
               +--------+--------+--------+--------+--------+-----+--------+
         Total |  69333 |  63103 |   6230 |   7229 |  40082 |  55 | 1260.6 |
       Dungeon |  23025 |  20247 |   2778 |   3056 |  13101 |  15 | 1535.0 |
        Temple |      1 |      1 |      0 |      0 |      0 |   1 |    1.0 |
          Lair |  11285 |  10264 |   1021 |   1761 |   6282 |   5 | 2257.0 |
         Swamp |   3259 |   3090 |    169 |    174 |   2123 |   4 |  814.8 |
   Spider Nest |   5733 |   5267 |    466 |    483 |   3482 |   4 | 1433.2 |
    Slime Pits |    390 |    351 |     39 |      3 |      0 |   5 |   78.0 |
  Orcish Mines |   2536 |   2311 |    225 |    663 |    844 |   2 | 1268.0 |
   Elven Halls |   2740 |   2632 |    108 |      0 |   1859 |   3 |  913.3 |
        Vaults |   7680 |   6971 |    709 |    201 |   4938 |   5 | 1536.0 |
        Depths |   6465 |   5972 |    493 |    610 |   3370 |   4 | 1616.2 |
           Zot |   5291 |   5073 |    218 |    183 |   3791 |   5 | 1058.2 |
         Trove |     52 |     52 |      0 |      0 |      0 |   1 |   52.0 |
      Gauntlet |    869 |    869 |      0 |     93 |    289 |   1 |  869.0 |
               +--------+--------+--------+--------+--------+-----+--------+

Top non-repeatable levels by time:
     D:8: 2666 daAuts
  Lair:1: 2430 daAuts
  Lair:4: 2303 daAuts
  Lair:3: 2297 daAuts
  Lair:2: 2263 daAuts
Depths:3: 2002 daAuts
     D:3: 1996 daAuts
  Lair:5: 1991 daAuts
     D:9: 1961 daAuts
    D:11: 1918 daAuts
Spider:4: 1875 daAuts
    D:12: 1861 daAuts
    D:10: 1858 daAuts
Vaults:3: 1797 daAuts
   Orc:2: 1759 daAuts
